 Dungeon Crawl Stone Soup version 0.24-a0-368-g0e0cebd0f3 (webtiles) character file.

Game seed: 7115726340874783758

103 nikopol the Firebug (level 4, 0/24 HPs)
             Began as a Deep Elf Fire Elementalist on May 28, 2019.
             Succumbed to an adder's poison
             ... on level 2 of the Dungeon.
             The game lasted 00:06:27 (1537 turns).

nikopol the Firebug (Deep Elf Fire Elementalist)    Turns: 1537, Time: 00:06:27

Health: 0/24       AC:  2    Str:  5    XL:     4   Next: 51%
Magic:  5/12       EV: 13    Int: 21    God:
Gold:   108        SH:  0    Dex: 15    Spells: 1/11 levels left

rFire    . . .     SeeInvis .   m - +3 dagger (venom)
rCold    . . .     Gourm    .   (no shield)
rNeg     + . .     Faith    .   a - +0 robe
rPois    .         Spirit   .   (no helmet)
rElec    .         Reflect  .   (no cloak)
rCorr    .         Harm     .   (no gloves)
MR       .....                  (no boots)
Stlth    ++........             d - amulet of magic regeneration
HPRegen  0.08/turn              h - ring of positive energy (curse)
MPRegen  0.38/turn              (no ring)

@: lethally poisoned (0 -> -10), flying, hasted, very quick
A: no striking features
a: no special abilities


You were on level 2 of the Dungeon.
You were not hungry.

You visited 1 branch of the dungeon, and saw 2 of its levels.

You collected 108 gold pieces.

Inventory:

Hand Weapons
 m - a +3 dagger of venom (weapon)
Armour
 a - a +0 robe (worn)
Jewellery
 d - an amulet of magic regeneration (around neck)
 h - a cursed ring of positive energy (left hand)
Scrolls
 f - a scroll of fog {unknown}
 k - a scroll of fear {unknown}
Potions
 e - a potion of ambrosia {unknown}
 g - a potion of degeneration {unknown}
 i - a potion of flight
 j - a potion of mutation {unknown}
 l - a potion of curing {unknown}
Comestibles
 c - 6 rations
 n - 3 chunks of flesh


   Skills:
 + Level 2.8 Dodging
 + Level 2.6 Stealth
 + Level 4.2 Spellcasting
 + Level 2.2 Conjurations
 + Level 4.5 Fire Magic


You had one spell level left.
You knew the following spells:

 Your Spells              Type           Power        Failure   Level  Hunger
a - Flame Tongue          Conj/Fire      ###..        3%          1    None
b - Throw Flame           Conj/Fire      ###...       4%          2    #......
c - Conjure Flame         Conj/Fire      ###.....     9%          3    ###....
d - Sticky Flame          Conj/Fire      ###.....     28%         4    ####...

Your spell library contained the following spells:

 Spells                   Type           Power        Failure   Level  Hunger
 Inner Flame              Hex/Fire       ##......     14%         3    ###....
 Fireball                 Conj/Fire      ###.......   63%         5    ######.


Dungeon Overview and Level Annotations

Branches:
Dungeon (2/15)

Altars:


Message History

The flame tongue misses the adder.
* * * LOW HITPOINT WARNING * * *
You feel sick. The adder closely misses you.
Casting: Flame Tongue (safe; 3% risk of failure)
Confirm with . or Enter, or press ? or * to list all spells.
Aiming: Flame Tongue (safe; 3% risk of failure)
Press: ? - help, Shift-Dir - straight line, f/p - adder
Aim: an adder (almost dead)
The flame tongue hits the adder.
You kill the adder!
Your Conjurations skill increases to level 2!
* * * LOW HITPOINT WARNING * * *
You feel sick.
It was a potion of flight.
You feel very buoyant.
You fly up into the air.
* * * LOW HITPOINT WARNING * * *
You feel sick.
It was a potion of haste.
You feel yourself speed up.
You die...

......# #......##<#.#.#
#..
......######......#..#.#.#
#..
......(...(.......#..#.#.#
#..
#####.....######..#..#.#.#
### #.....#
#..#..#.#.######## #.....#
#..#.)#(#.#....... #.....#
#..#..#.#.#.#####. #.....#
#..#..#.#.#.#...#. #.....#
#@.#..#.#.#.#.#.#. #.....#
#††#..#.#.#.#.#... #######
#..#..#.#.#...#...
#..#..#.#.#..<....
#..#..#.#.#.#.#†##
#..#..#.#.#.#.#.##
#..#..#.#.#.#.#.##
#..####.#.#.#.#.##
#....#.#.#.#.#


There were no monsters in sight!

Vanquished Creatures
  4 adders (D:2)
  2 worms (D:2)
  2 dart slugs
  4 leopard geckos
  2 giant cockroaches
  3 goblins
  6 hobgoblins
  5 jackals
  2 quokkas (D:2)
  A ball python (D:1)
  5 bats
  7 frilled lizards
  7 kobolds
  5 rats
55 creatures vanquished.

Notes
Turn   | Place    | Note
-------+----------+-------------------------------------------
     0 | D:1      | nikopol the Deep Elf Fire Elementalist began the quest for
                  | the Orb.
     0 | D:1      | Reached XP level 1. HP: 10/10 MP: 6/6
   112 | D:1      | Reached XP level 2. HP: 15/15 MP: 2/8
   636 | D:1      | Reached XP level 3. HP: 18/19 MP: 7/10
  1144 | D:2      | Reached XP level 4. HP: 24/24 MP: 8/12
  1151 | D:2      | Learned a level 2 spell: Throw Flame
  1155 | D:2      | Learned a level 3 spell: Conjure Flame
  1160 | D:2      | Learned a level 4 spell: Sticky Flame
  1536 | D:2      | HP: 1/24 [poisoned by an adder]
  1537 | D:2      | Succumbed to an adder's poison

Levels and vault maps discovered:
D:1:      dpeg_arrival_central, layout_basic, nrook_mini_backslash
D:2:      layout_basic

Skill      XL: |  1  2  3  4 |
---------------+-------------+-----
Fire Magic     | 4 |  4.5
Spellcasting   | 4 |  4.2
Conjurations   | 2 |  2.2
Dodging        | |  2.8
Stealth        | |  2.6

Action                   |  1- 3 |  4- 6 || total
-------------------------+-------+-------++-------
Melee: Dagger            |     2 |       ||     2
 Cast: Flame Tongue      |    67 |    32 ||    99
  Use: Potion            |       |     2 ||     2
  Eat: Chunk             |       |     2 ||     2
Armor: Robe              |     5 |     2 ||     7
Dodge: Dodged            |    30 |    11 ||    41

Table legend:
 A = Non-vault XP
 B = Vault XP
 C = Vault XP percentage of total XP
 D = Non-vault monster count
 E = Vault monster count
 F = Vault count percentage of total count
                 A         B        C        D         E       F
            +---------+---------+-------+---------+---------+-------
      Total |     148 |       0 |   0.0 |      55 |       0 |   0.0
            +---------+---------+-------+---------+---------+-------
        D:1 |      46 |       0 |   0.0 |      26 |       0 |   0.0
        D:2 |     102 |       0 |   0.0 |      29 |       0 |   0.0
            +---------+---------+-------+---------+---------+-------
